 Seeded DCSS version 0.30.1-4-g462c640d31 (webtiles) character file.

Game seed: 6351066067085065685 (custom seed)

5318 Esekla the Reanimator (level 10, -13/50 HPs)
             Began as a Deep Elf Necromancer on Aug 18, 2023.
             Was an Elder of Vehumet.
             Mangled by an orc knight
             ... wielding a +0 glaive
              (39 damage)
             ... in a bailey.
             The game lasted 00:55:01 (8681 turns).

Esekla the Reanimator (Deep Elf Necromancer)        Turns: 8681, Time: 00:55:01

Health: -13/50     AC:  9    Str:  5    XL:     10   Next: 38%
Magic:  26/26      EV: 14    Int: 25    God:    Vehumet [****..]
Gold:   573        SH:  4    Dex: 15    Spells: 9/30 levels left

rFire   . . .        a - +4 scimitar
rCold   . . .        G - +0 buckler
rNeg    . . .        I - +0 steam dragon scales
rPois   .            J - +1 helmet
rElec   .            x - +0 cloak
rCorr   .            l - +0 pair of gloves
SInv    .            (no boots)
Will    +....        C - amulet of magic regeneration
Stlth   +++          (no ring)
HPRegen 0.28/turn    (no ring)
MPRegen 0.60/turn

%: no passive effects
@: no status effects
A: no striking features
a: Renounce Religion


You were in a bailey.
You worshipped Vehumet.
Vehumet was greatly pleased with you.
You visited 1 branch of the dungeon, and saw 9 of its levels.
You also visited: Bailey.

You collected 573 gold pieces.

Inventory:

Hand Weapons
 a - a +4 scimitar (weapon)
 r - a +4 trident of venom
 s - the +5 rapier of the Hero {heavy, rN+ Dex+3}
   (You found it on level 3 of the Dungeon)

   Dex:       It affects your dexterity (+3).
   rN:        It protects you from negative energy.
 M - the +2 bardiche of Puhoisos {heavy, rElec Stlth+}
   (You found it in a bailey)

   rElec:     It insulates you from electricity.
   Stlth:     It makes you more stealthy.
Missiles
 c - a curare-tipped dart
 o - 24 poisoned darts (quivered)
 K - 3 boomerangs
Armour
 l - a +0 pair of gloves (worn)
 x - a +0 cloak (worn)
 G - a +0 buckler (worn)
 I - +0 steam dragon scales (worn)
 J - a +1 helmet (worn)
Magical Staves
 f - a staff of fire
Jewellery
 C - an amulet of magic regeneration (around neck)
 L - a ring of magical power
Wands
 i - a wand of roots (8)
 q - a wand of mindburst (7)
 D - a wand of flame (12)
Scrolls
 e - a scroll of fear
 h - 2 scrolls of poison
 n - a scroll of enchant armour
 p - 5 scrolls of blinking {unknown}
 t - 2 scrolls of amnesia {unknown}
 w - 2 scrolls of fog {unknown}
 y - 3 scrolls of enchant weapon {unknown}
 z - a scroll of silence
 A - a scroll of magic mapping
 E - a scroll of torment {unknown}
 F - 2 scrolls of teleportation
 H - 3 scrolls of noise {unknown}
Potions
 b - a potion of magic
 d - 3 potions of ambrosia {unknown}
 g - 3 potions of haste
 j - a potion of mutation
 k - 8 potions of curing
 m - 6 potions of attraction {unknown}
 u - 3 potions of brilliance {unknown}
 v - 2 potions of heal wounds
 B - a potion of lignification


   Skills:
 + Level 2.2(2.5) Short Blades
 + Level 1.6(2.1) Long Blades
 + Level 1.2 Throwing
 * Level 6.6 Dodging
 + Level 4.5 Stealth
 * Level 1.9 Shields
 * Level 10.9 Spellcasting
 * Level 0.7 Conjurations
 * Level 11.1 Necromancy
 * Level 5.0 Translocations
 * Level 0.7 Transmutations
 * Level 5.0 Fire Magic
 + Level 0.3 Evocations


You had 9 spell levels left.
You knew the following spells:

 Your Spells              Type           Power      Damage    Failure   Level
a - Necrotise             Necr           100%       1d9       1%          1
b - Freeze                Ice            52%        1d6       2%          1
c - Inner Flame           Hex/Fire       26%        N/A       2%          3
d - Vampiric Draining     Necr           62%        2d10      1%          3
e - Hailstorm             Conj/Ice       15%        3d5       5%          3
i - Irradiate             Conj/Tmut      8%         3d14      36%         5
o - Scorch                Fire           78%        2d8       1%          2
t - Teleport Other        Tloc           38%        N/A       3%          3

Your spell library contained the following spells:

 Spells                   Type           Power      Damage    Failure   Level
 Lesser Beckoning         Tloc           76%        N/A       1%          2
 Animate Dead             Necr           62%        N/A       1%          4
 Agony                    Necr           62%        N/A       2%          5
 Gell's Gravitas          Tloc           38%        N/A       3%          3
 Spider Form              Tmut/Pois      15%        N/A       21%         3
 Cause Fear               Hex            6%         N/A       63%         4
 Summon Mana Viper        Hex/Summ       13%        N/A       92%         5


Dungeon Overview and Level Annotations

Branches:
Dungeon (9/15)             Temple (0/1) D:6          Bailey (1/1)
   Lair: D:8-11         Orc: D:9-12

Altars:
Dithmenos
Fedhas
Hepliaklqana
Okawaru
Qazlal
Trog
Uskayaw
Vehumet
Zin
The Shining One

Shops:
D:2 =   D:4 (


Message History

The orc knight looks even sicker.
The orc knight is severely wounded.
The grasping roots constrict the orc knight.
The grasping roots constrict the orc knight!
The roots release their grip on the orc knight.
The orc knight escapes!
The orc knight no longer looks unusually strong.
The orc knight hits you with a +0 trident!
Casting: Vampiric Draining (safe; 1% risk of failure)
Confirm with . or Enter, or press ? or * to list all spells.
Aiming: Vampiric Draining (safe; 1% risk of failure)
Press: ? - help, Shift-Dir - straight line, f - orc knight, p - orc knight
Aim: an orc knight, wielding a +0 trident and wearing a +0 scale mail (almost dead, very poisoned)
You draw life force from the orc knight.
You feel life coursing into your body.
The orc knight roars a battlecry!
The orc knight goes into a battle-frenzy!
The orc knight closely misses you.
Casting: Vampiric Draining (safe; 1% risk of failure)
Confirm with . or Enter, or press ? or * to list all spells.
Aiming: Vampiric Draining (safe; 1% risk of failure)
Press: ? - help, Shift-Dir - straight line, f/p - orc knight
Aim: an orc knight, wielding a +0 trident and wearing a +0 scale mail (almost dead, strong, very poisoned)
You draw life force from the orc knight.
You feel life coursing into your body. The orc knight barely misses you.
The orc knight hits you with a +0 trident!
Casting: Vampiric Draining (safe; 1% risk of failure)
Confirm with . or Enter, or press ? or * to list all spells.
Aiming: Vampiric Draining (safe; 1% risk of failure)
Press: ? - help, Shift-Dir - straight line, f/p - orc knight
Aim: an orc knight, wielding a +0 trident and wearing a +0 scale mail (almost dead, strong, very poisoned)
You draw life force from the orc knight!
You kill the orc knight!
Vehumet accepts your kill.
You feel your power returning.
You feel life coursing into your body.
The orc knight hits you from afar with a +0 glaive!
Your Translocations skill increases to level 5!
The orc knight hits you with a +0 glaive!!!
Ouch! That really hurt!
You die...

.....................#≈.....#
≈...............≈#∩.##≈.....#
≈......###......≈##)#≈≈.....#
≈...#########...≈≈≈.≈≈......#
...##.o.....##......).......#
..##(.#'#'#..##.............#
..#..##.#.##((#.............#
.##(#########.##............#
.##.')#:.?#.'(##@...........#
.##o###.8o###(##o...........#
.##.')#oo.#)'.##............#
.##.####'####(##............#
..#.(##o.∩##.)##............#
..##.(#'''##................#
...##.o...##................#
≈...##.(..##....≈≈≈.≈≈......#
≈....#######....≈##)#≈≈.....#


You could see an orc knight (strong, poisoned).

Vanquished Creatures
  A two-headed ogre (D:8)
  Pikel (D:6)
  An orc knight (Bailey)
  Joseph (D:7)
  A steam dragon (D:8)
  A wyvern (D:7)
  Menkaure (D:7)
  An ice beast (D:6)
  6 orc warriors (Bailey)
  2 black bears
  2 ogres
  A centaur (D:7)
  A phantom (D:7)
  Blork the orc (D:6)
  2 kobold brigands
  2 gnoll sergeants
  A bullfrog (D:7)
  2 scorpions (D:5)
  3 wights (D:7)
  2 quasits
  2 gnoll boudas
  6 hounds
  A jelly (D:6)
  Crazy Yiuf (D:7)
  4 orc priests
  A sleepcap (D:5)
  5 iguanas
  5 orc wizards
  24 gnolls
  9 adders
  3 shadow imps
  6 white imps
  4 ufetubi
  A worm (D:4)
  3 dart slugs
  47 orcs
  6 ball pythons
  4 endoplasms
  9 goblins
  7 hobgoblins
  A quokka (D:1)
  4 bats
  4 frilled lizards
  14 kobolds
  A rat (D:2)
205 creatures vanquished.

Notes
Turn   | Place    | Note
-------+----------+-------------------------------------------
     0 | D:1      | Esekla the Deep Elf Necromancer began the quest for the
                  | Orb.
     0 | D:1      | Reached XP level 1. HP: 10/10 MP: 6/6
   140 | D:1      | Reached skill level 5 in Necromancy
   227 | D:2      | Found Renulab's Jewellery Shop.
   439 | D:4      | Found an iron altar of Okawaru.
   451 | D:4      | Found a glowing silver altar of Zin.
   530 | D:4      | Found a radiant altar of Vehumet.
   534 | D:4      | Became a worshipper of Vehumet
   616 | D:3      | Reached XP level 2. HP: 12/15 MP: 8/8
   766 | D:3      | Found a stormy altar of Qazlal.
   909 | D:2      | Reached XP level 3. HP: 13/19 MP: 9/9
   913 | D:2      | Learned a level 3 spell: Vampiric Draining
   981 | D:2      | Noticed a black bear
   988 | D:2      | Killed a black bear
   989 | D:2      | Reached skill level 6 in Necromancy
   989 | D:2      | Reached XP level 4. HP: 19/24 MP: 0/11
  1106 | D:2      | Reached XP level 5. HP: 22/28 MP: 5/12
  1131 | D:2      | Found a faded altar of an unknown god.
  1454 | D:3      | Identified the +5 rapier of the Hero {heavy, rN+ Dex+3}
  1670 | D:3      | Reached skill level 7 in Necromancy
  1733 | D:3      | Found a bloodstained altar of Trog.
  1735 | D:3      | Found a hazy altar of Hepliaklqana.
  2402 | D:1      | Reached * piety under Vehumet
  2402 | D:1      | Offered knowledge of Freeze by Vehumet.
  2412 | D:1      | Learned a level 1 spell: Freeze
  2416 | D:1      | Learned a level 3 spell: Teleport Other
  2556 | D:4      | Found a glowing golden altar of the Shining One.
  2584 | D:4      | Reached skill level 1 in Short Blades
  2659 | D:4      | Reached XP level 6. HP: 32/32 MP: 14/14
  2855 | D:4      | Found Ponaysk's Antique Weapon Boutique.
  3275 | D:4      | Reached skill level 5 in Spellcasting
  3389 | D:5      | Entered Level 5 of the Dungeon
  3397 | D:5      | Got the Parchment of the Lumpy Olives
  3414 | D:5      | Found a shadowy altar of Dithmenos.
  3653 | D:5      | Reached XP level 7. HP: 31/36 MP: 13/17
  3751 | D:5      | Reached skill level 1 in Translocations
  3884 | D:5      | Reached skill level 8 in Necromancy
  4146 | D:5      | Reached ** piety under Vehumet
  4368 | D:6      | Offered knowledge of Scorch by Vehumet.
  4372 | D:6      | Learned a level 2 spell: Scorch
  4415 | D:6      | Noticed Pikel
  4456 | D:6      | Noticed Blork the orc
  4571 | D:6      | Reached XP level 8. HP: 41/41 MP: 17/19
  4622 | D:6      | Found a blossoming altar of Fedhas.
  4755 | D:6      | Found a staircase to the Ecumenical Temple.
  5003 | D:6      | Killed Blork the orc
  5004 | D:6      | Reached skill level 5 in Dodging
  5004 | D:6      | Reached skill level 9 in Necromancy
  5004 | D:6      | Reached skill level 1 in Fire Magic
  5157 | D:6      | Killed Pikel
  5442 | D:7      | Noticed Menkaure
  5452 | D:7      | Killed Menkaure
  5453 | D:7      | Reached XP level 9. HP: 11/45 MP: 16/23
  5624 | D:7      | Offered knowledge of Inner Flame by Vehumet.
  5697 | D:7      | Found a runed translucent door.
  5698 | D:7      | Noticed Crazy Yiuf
  5705 | D:7      | Killed Crazy Yiuf
  5806 | D:7      | Learned a level 3 spell: Inner Flame
  6153 | D:7      | Noticed Joseph
  6202 | D:7      | Reached skill level 1 in Throwing
  6202 | D:7      | Reached skill level 10 in Necromancy
  6529 | D:8      | Reached *** piety under Vehumet
  6704 | D:8      | Noticed a two-headed ogre
  6762 | D:8      | Offered knowledge of Hailstorm by Vehumet.
  6891 | D:8      | Learned a level 3 spell: Hailstorm
  7151 | D:8      | Reached skill level 1 in Shields
  7151 | D:8      | Reached skill level 10 in Spellcasting
  7495 | D:8      | Reached **** piety under Vehumet
  7564 | D:8      | Found a transporter.
  7564 | D:8      | Found a transporter.
  7568 | D:8      | Found a transporter.
  7568 | D:8      | Found a transporter.
  7616 | D:8      | Found a hide-covered altar of Uskayaw.
  7798 | D:7      | Killed Joseph
  7974 | D:8      | Killed a two-headed ogre
  7975 | D:8      | Reached skill level 1 in Long Blades
  7975 | D:8      | Reached XP level 10. HP: 39/50 MP: 26/26
  8152 | D:9      | Noticed a two-headed ogre
  8207 | D:9      | Found a flagged portal.
  8246 | Bailey   | Entered a bailey
  8318 | Bailey   | Offered knowledge of Irradiate by Vehumet.
  8332 | Bailey   | Learned a level 5 spell: Irradiate
  8423 | Bailey   | Identified the +2 bardiche of Puhoisos {heavy, rElec
                  | Stlth+}
  8481 | Bailey   | Reached skill level 5 in Fire Magic
  8539 | Bailey   | Reached skill level 11 in Necromancy
  8628 | Bailey   | Noticed an orc knight
  8628 | Bailey   | Noticed an orc knight
  8673 | Bailey   | Killed an orc knight
  8674 | Bailey   | Reached skill level 5 in Translocations
  8681 | Bailey   | Mangled by an orc knight

Illustrated notes

Levels and vault maps discovered:
D:1:      sevenhm_arrival_forest_fort_small_3, layout_rooms,
          chequers_serial_rivers_room_b, minmay_misc_feat_five
D:2:      layout_loops_ring, dreamdust_ecumenical_altar_angels_and_demons,
          serial_shops, shop
D:3:      layout_basic, grunt_temple_overflow_open, minmay_misc_feat_iff
D:4:      layout_basic, nicolae_overflow_quartered_altars, serial_shops,
          nicolae_diamond_shop
D:5:      layout_loops_ring, lemuel_doored_altar, minmay_misc_feat_rows,
          dreamdust_wishing_well
D:6:      layout_loops_cross, fedhas_altar_fruit_tree,
          minmay_temple_entry_glass, uniq_pikel, uniq_blork_the_orc
D:7:      layout_basic, uniq_menkaure, uniq_joseph, uniq_crazy_yiuf_cottage
D:8:      layout_basic, nicolae_uskayaw_dance_hall, serial_demonic,
          serial_demonic_d, serial_demonic_a, serial_demonic_c,
          serial_demonic_c, nicolae_diode_quadrants
D:9:      layout_irregular_city, kennysheep_little_box, enter_bailey_4,
          minmay_between, uniq_harold
Bailey:   bailey_polearm_2, bailey

Skill      XL: |  1  2  3  4  5  6  7  8  9 10 |
---------------+-------------------------------+-----
Necromancy     | 5 6 7 8 9 10 11 | 11.1
Dodging        | 3 4 5 6 |  6.6
Stealth        | 3 4 |  4.5
Spellcasting   | 4 5 6 8 10 | 10.9
Short Blades   | 1 2 |  2.2
Translocations | 2 3 4 5 |  5.0
Fire Magic     | 2 4 5 |  5.0
Throwing       | 1 |  1.2
Shields        | 1 |  1.9
Long Blades    | 1 |  1.6
Conjurations   | |  0.7
Transmutations | |  0.7
Evocations     | |  0.3

Action                     |  1- 3 |  4- 6 |  7- 9 | 10-12 || total
---------------------------+-------+-------+-------+-------++-------
  Melee: Short sword       |    49 |     8 |       |       ||    57
         Unarmed           |     9 |       |       |       ||     9
         Dagger            |       |   188 |   138 |       ||   326
         Punch             |       |     1 |     1 |       ||     2
         Scimitar          |       |       |    43 |    67 ||   110
         Rapier            |       |       |     1 |     3 ||     4
  Throw: Dart              |       |    18 |    37 |    10 ||    65
   Cast: Vampiric Draining |     3 |    30 |    76 |    17 ||   126
         Scorch            |       |       |    66 |       ||    66
         Teleport Other    |       |       |    10 |       ||    10
  Evoke: Wand              |       |       |    12 |     5 ||    17
    Use: Scroll            |       |       |    12 |       ||    12
   Stab: Sleeping          |     3 |     3 |     9 |     2 ||    17
 Armour: Robe              |    16 |    24 |    50 |       ||    90
         Steam dragon scal |       |       |    16 |    33 ||    49
  Dodge: Dodged            |    36 |   123 |   231 |    75 ||   465
  Block: Buckler           |       |       |     4 |    27 ||    31
